 Dungeon Crawl Stone Soup version 0.30.0-20-g3615ddf2f0 (webtiles) character file.

Game seed: 8780360886148253463

790 qw the Chopper (level 7, -3/44 HPs)
             Began as a Gargoyle Fighter on May 27, 2023.
             Slain by Prince Ribbit (9 damage)
             ... on level 5 of the Dungeon.
             The game lasted 00:02:12 (3424 turns).

qw the Chopper (Gargoyle Fighter)                   Turns: 3424, Time: 00:02:13

Health: -3/44      AC: 17    Str: 21    XL:     7   Next: 87%
Magic:  7/7        EV:  8    Int:  9    God:
Gold:   250        SH:  4    Dex:  9    Spells: 6/6 levels left

rFire   + . .        Y - +0 war axe
rCold   . . .        c - +0 buckler
rNeg    + . .        p - +0 chain mail
rPois   inf          (no helmet)
rElec   +            (no cloak)
rCorr   .            (no gloves)
SInv    .            (no boots)
Will    .....        (no amulet) Stlth
                     j - ring of protection from fire
HPRegen 0.27/turn    o - +4 ring of protection
MPRegen 0.10/turn

%: no passive effects
@: about to teleport
A: sickness immunity, AC +4, negative energy resistance 1, electricity
resistance, torment resistance 1, petrification resistance
a: no special abilities


You were on level 5 of the Dungeon.
You visited 1 branch of the dungeon, and saw 5 of its levels.

You collected 250 gold pieces.


Innate Abilities, Weirdness & Mutations

You are immune to sickness and miasma.
Your stone body is resilient. (AC +4)
You are immune to poison.
You resist negative energy. (rN+)
You are resistant to electric shocks. (rElec)
You are resistant to unholy torment.
You are immune to petrification.


   Skills:
 + Level 4.9 Fighting
 - Level 7.0 Axes
 - Level 3.2 Armour
 - Level 1.7 Dodging
 - Level 3.2 Shields


You had 6 spell levels left.
You didn't know any spells.
Your spell library was empty.

Inventory:

Hand Weapons
 a - a +0 whip
 Y - a +0 war axe (weapon)
Missiles
 f - 6 boomerangs (quivered)
Armour
 c - a +0 buckler (worn)
 p - a +0 chain mail (worn)
Jewellery
 i - a ring of protection from fire
 j - a ring of protection from fire (left hand)
 o - a +4 ring of protection (right hand)
Scrolls
 l - a scroll of identify
Potions
 b - a potion of attraction {unknown}
 d - 2 potions of might
 e - 2 potions of cancellation
 g - a potion of curing
 k - a potion of haste {unknown}
 m - a potion of lignification {unknown}

Dungeon Overview and Level Annotations

Branches:
Dungeon (5/15)
 Temple: D:4-7

Altars:

Annotations:
D:3 1 runed translucent door, Crazy Yiuf
D:4 1 runed translucent door, qw's ghost, novice GrCA
D:5 Prince Ribbit


Message History

You miss the water moccasin.
The water moccasin is severely wounded.
The water moccasin bites you but does no damage.
Prince Ribbit blinks!
You barely miss the water moccasin.
The water moccasin is severely wounded.
You hit Prince Ribbit. The water moccasin barely misses you.
Prince Ribbit barely misses you. The water moccasin bites you.
You hit the water moccasin.
The water moccasin is severely wounded.
You miss Prince Ribbit.
Prince Ribbit hits you but does no damage.
The water moccasin bites you but does no damage.
Prince Ribbit hits you!
You barely miss the water moccasin.
The water moccasin is severely wounded.
You barely miss Prince Ribbit.
The water moccasin bites you but does no damage.
Prince Ribbit hits you.
The water moccasin bites you but does no damage.
Prince Ribbit hits you!
3422 ||| READING scroll of teleportation.
As you read the scroll of teleportation, it crumbles to dust.
You feel strangely unstable.
The water moccasin bites you but does no damage.
You block Prince Ribbit's attack.
You closely miss the water moccasin.
The water moccasin is severely wounded.
You hit Prince Ribbit but do no damage.
The water moccasin bites you but does no damage.
Prince Ribbit barely misses you.
The water moccasin bites you but does no damage.
Prince Ribbit closely misses you.
You hit the water moccasin.
The water moccasin is almost dead.
You hit Prince Ribbit. The water moccasin bites you.
Prince Ribbit blinks!
You block the water moccasin's attack. Prince Ribbit hits you!
You die...

##...7....#...........##
........##....#......#
.... ....#......## ....
#...........#
.7#..###.........##
..............^..#
.................#
....$...F....#...#
......S@.....#.###
.#.............#
##............#
#......<.....#
....###.[....## #..##
#<...#..# #.# ##.###.##
#. #.. ... ## ...#


You could see Prince Ribbit and a water moccasin.

Vanquished Creatures
  Menkaure (D:5)
  A black bear (D:4)
  A sky beast (D:4)
  A scorpion (D:5)
  5 hounds
  3 jellies
  An orc wizard (D:3)
  3 gnolls (D:4)
  7 adders
  4 orcs (D:3)
  9 ball pythons
  11 endoplasms
  5 giant cockroaches
  6 goblins
  7 hobgoblins
  A quokka (D:3)
  6 bats
  6 frilled lizards
  23 kobolds
  4 rats
105 creatures vanquished.

Notes
Turn   | Place    | Note
-------+----------+-------------------------------------------
     0 | D:1      | qw the Gargoyle Fighter began the quest for the Orb.
     0 | D:1      | Reached XP level 1. HP: 14/14 MP: 1/1
     0 | D:1      | 0 ||| qw: Version: 0.2-a-99-g0e97a82
     0 | D:1      | 0 ||| qw: Game counter: 107
     0 | D:1      | 0 ||| qw: Always use a shield: true
     0 | D:1      | 0 ||| qw: God list: Okawaru
     0 | D:1      | 0 ||| qw: Allow faded altars: false
     0 | D:1      | 0 ||| qw: Do Orc after D:15 true
     0 | D:1      | 0 ||| qw: Do second Lair branch before Depths: true
     0 | D:1      | 0 ||| qw: Lair rune preference: random
     0 | D:1      | 0 ||| qw: Plans: Normal, Zot:1-4, God:TSO, Crypt, Tomb,
                  | Pan, Slime:5, Hells, Abyss, Win
     0 | D:1      | 0 ||| PLANNING D:1-11
    72 | D:1      | Reached skill level 2 in Axes
    97 | D:1      | Reached XP level 2. HP: 17/19 MP: 2/2
   193 | D:1      | 193 ||| Stepping ~*~*~tactically~*~*~ (stealth).
   194 | D:1      | 194 ||| Stepping ~*~*~tactically~*~*~ (hiding).
   197 | D:1      | 197 ||| Stepping ~*~*~tactically~*~*~ (hiding).
   198 | D:1      | 198 ||| Stepping ~*~*~tactically~*~*~ (hiding).
   208 | D:1      | 208 ||| FLEEEEING.
   209 | D:1      | 209 ||| FLEEEEING.
   210 | D:1      | 210 ||| FLEEEEING.
   228 | D:1      | 228 ||| Stepping ~*~*~tactically~*~*~ (hiding).
   229 | D:1      | 229 ||| Stepping ~*~*~tactically~*~*~ (hiding).
   234 | D:1      | Reached skill level 3 in Axes
   261 | D:1      | 261 ||| Stepping ~*~*~tactically~*~*~ (stealth).
   268 | D:1      | You fall into a shaft and drop 1 floor!
   295 | D:2      | Reached XP level 3. HP: 23/23 MP: 3/3
   318 | D:2      | 318 ||| Stepping ~*~*~tactically~*~*~ (stealth).
   462 | D:2      | 462 ||| UPGRADING to ring of protection from fire.
   463 | D:2      | 463 ||| UPGRADING to +4 ring of protection.
   464 | D:2      | 464 ||| READING scroll labelled SOSANN LIAR.
   465 | D:2      | 465 ||| READING scroll labelled JIGRUCOPAB.
   479 | D:2      | 479 ||| READING 2 scrolls labelled PYCUOLUNWUN.
   480 | D:2      | 480 ||| READING 2 scrolls labelled ONOSHRA HISTE.
   481 | D:2      | 481 ||| DROPPING scroll of blinking.
   503 | D:1      | 503 ||| Stepping ~*~*~tactically~*~*~ (hiding).
   505 | D:1      | 505 ||| Stepping ~*~*~tactically~*~*~ (hiding).
   507 | D:1      | 507 ||| Stepping ~*~*~tactically~*~*~ (hiding).
   508 | D:1      | 508 ||| Stepping ~*~*~tactically~*~*~ (hiding).
   550 | D:1      | 550 ||| Stepping ~*~*~tactically~*~*~ (stealth).
   562 | D:1      | 562 ||| Stepping ~*~*~tactically~*~*~ (hiding).
   564 | D:1      | 564 ||| Stepping ~*~*~tactically~*~*~ (hiding).
   578 | D:1      | 578 ||| DROPPING +0 club.
   891 | D:1      | 891 ||| DRINKING 3 green potions.
   892 | D:1      | 892 ||| READING 2 scrolls of identify.
   892 | D:1      | 892 ||| IDENTIFYING sedimented purple potion
   893 | D:1      | 893 ||| DROPPING potion of degeneration.
  1070 | D:2      | Found a faded altar of an unknown god.
  1096 | D:2      | Reached XP level 4. HP: 28/28 MP: 4/4
  1309 | D:2      | 1309 ||| Stepping ~*~*~tactically~*~*~ (stealth).
  1323 | D:2      | 1323 ||| READING scroll labelled COREUD YCOIM.
  1326 | D:2      | 1326 ||| DRINKING 2 lumpy orange potions.
  1327 | D:2      | 1327 ||| DROPPING potion of flight.
  1341 | D:3      | Reached skill level 4 in Axes
  1346 | D:3      | 1346 ||| STAIRDANCE
  1414 | D:3      | 1414 ||| Stepping ~*~*~tactically~*~*~ (hiding).
  1465 | D:3      | 1465 ||| Stepping ~*~*~tactically~*~*~ (stealth).
  1616 | D:3      | 1616 ||| FLEEEEING.
  1617 | D:3      | 1617 ||| FLEEEEING.
  1618 | D:3      | 1618 ||| FLEEEEING.
  1619 | D:3      | 1619 ||| FLEEEEING.
  1620 | D:3      | 1620 ||| FLEEEEING.
  1621 | D:3      | 1621 ||| FLEEEEING.
  1622 | D:3      | 1622 ||| FLEEEEING.
  1632 | D:3      | 1632 ||| FLEEEEING.
  1633 | D:3      | 1633 ||| FLEEEEING.
  1634 | D:3      | 1634 ||| FLEEEEING.
  1635 | D:3      | 1635 ||| FLEEEEING.
  1637 | D:3      | 1637 ||| FLEEEEING.
  1649 | D:3      | Reached XP level 5. HP: 23/32 MP: 5/5
  1716 | D:3      | 1716 ||| Invisibility monster not found???
  1991 | D:3      | Found a runed translucent door.
  1992 | D:3      | Noticed Crazy Yiuf
  1995 | D:3      | 1995 ||| READING scroll labelled LIGOBICK SOWO.
  1996 | D:3      | 1996 ||| READING 2 scrolls of identify.
  1996 | D:3      | 1996 ||| IDENTIFYING orange potion
  2040 | D:4      | 2040 ||| Stepping ~*~*~tactically~*~*~ (hiding).
  2073 | D:4      | 2073 ||| Stepping ~*~*~tactically~*~*~ (hiding).
  2097 | D:4      | Reached skill level 5 in Axes
  2106 | D:4      | 2106 ||| FLEEEEING.
  2158 | D:4      | 2158 ||| Stepping ~*~*~tactically~*~*~ (stealth).
  2159 | D:4      | 2159 ||| Stepping ~*~*~tactically~*~*~ (stealth).
  2282 | D:4      | Noticed a black bear
  2288 | D:4      | Killed a black bear
  2289 | D:4      | Reached XP level 6. HP: 40/40 MP: 6/6
  2299 | D:4      | Noticed a sky beast
  2308 | D:4      | Killed a sky beast
  2309 | D:4      | Reached skill level 1 in Dodging
  2531 | D:4      | 2531 ||| Stepping ~*~*~tactically~*~*~ (stealth).
  2532 | D:4      | 2532 ||| Stepping ~*~*~tactically~*~*~ (stealth).
  2533 | D:4      | 2533 ||| Stepping ~*~*~tactically~*~*~ (stealth).
  2538 | D:4      | Reached XP level 7. HP: 44/44 MP: 7/7
  2546 | D:4      | 2546 ||| Stepping ~*~*~tactically~*~*~ (hiding).
  2643 | D:4      | Found a runed translucent door.
  2644 | D:4      | Noticed qw's ghost (novice GrCA)
  3097 | D:4      | 3097 ||| UPGRADING to +0 chain mail.
  3107 | D:4      | 3107 ||| DROPPING +0 scale mail.
  3108 | D:4      | 3108 ||| DROPPING ring of wizardry.
  3109 | D:4      | 3109 ||| READING scroll labelled OLYKKO HO VAN.
  3110 | D:4      | 3110 ||| READING scroll labelled SOLAYC FOCW.
  3116 | D:5      | Entered Level 5 of the Dungeon
  3179 | D:5      | Reached skill level 6 in Axes
  3271 | D:5      | Noticed Menkaure
  3281 | D:5      | Killed Menkaure
  3385 | D:5      | Reached skill level 7 in Axes
  3408 | D:5      | Noticed Prince Ribbit
  3421 | D:5      | HP: 6/44 [Prince Ribbit (7)]
  3422 | D:5      | 3422 ||| READING scroll of teleportation.
  3424 | D:5      | Slain by Prince Ribbit

Levels and vault maps discovered:
D:1:      dpeg_arrival_radiant, layout_rooms, lexackson_kobold_supper
D:2:      layout_basic, nicolae_ecumenical_snake_handling, minmay_crystal_room
D:3:      layout_rooms, uniq_crazy_yiuf_cottage
D:4:      cheibrodos_fertilizer, layout_loops_ring, ebering_ghost_inner_flame
D:5:      cheibrodos_two_vegetables, layout_cave_pools, grunt_ministairs_1,
          uniq_menkaure, uniq_prince_ribbit1

Skill      XL: |  1  2  3  4  5  6  7 |
---------------+----------------------+-----
Axes           | 2 3 4 5 7 |  7.0
Fighting       | 4 |  4.9
Dodging        | 1 |  1.7
Armour         | |  3.2
Shields        | |  3.2

Action                     |  1- 3 |  4- 6 |  7- 9 || total
---------------------------+-------+-------+-------++-------
  Melee: War axe           |   105 |   112 |    67 ||   284
  Throw: Boomerang         |       |    38 |    21 ||    59
    Use: Scroll            |     5 |     3 |     3 ||    11
         Potion            |     1 |     1 |       ||     2
 Armour: Scale mail        |    60 |    69 |    16 ||   145
         Chain mail        |       |       |    27 ||    27
  Dodge: Dodged            |    44 |    49 |    32 ||   125
  Block: Buckler           |    19 |    23 |     7 ||    49

Table legend:
 A = Non-vault XP
 B = Vault XP
 C = Vault XP percentage of total XP
 D = Non-vault monster count
 E = Vault monster count
 F = Vault count percentage of total count
                 A         B        C        D         E       F
            +---------+---------+-------+---------+---------+-------
      Total |     750 |     379 |  33.6 |      73 |      32 |  30.5
            +---------+---------+-------+---------+---------+-------
        D:1 |      36 |       9 |  20.0 |      23 |       8 |  25.8
        D:2 |      40 |       7 |  14.9 |      10 |       5 |  33.3
        D:3 |     105 |       0 |   0.0 |      21 |       0 |   0.0
        D:4 |     435 |     107 |  19.7 |      14 |      17 |  54.8
        D:5 |     134 |     256 |  65.6 |       5 |       2 |  28.6
            +---------+---------+-------+---------+---------+-------
